 Dungeon Crawl Stone Soup version 0.30.0-13-g156ef70053 (webtiles) character file.

Game seed: 13528254615993634790

1598 jagang the Conjurer (level 8, -1/52 HPs)
             Began as a Demonspawn Conjurer on May 17, 2023.
             Was a Follower of Vehumet.
             Slain by Arex's ghost (4 damage)
             ... on level 6 of the Dungeon.
             The game lasted 00:44:01 (7293 turns).

jagang the Conjurer (Demonspawn Conjurer)           Turns: 7293, Time: 00:44:01

Health: -1/52      AC:  9    Str: 17    XL:     8   Next: 62%
Magic:  2/15       EV: 11    Int: 19    God:    Vehumet [*.....]
Gold:   699        SH:  3    Dex: 12    Spells: 9/16 levels left

rFire   . . .        e - staff of earth
rCold   + . .        y - +0 buckler
rNeg    . . .        n - +1 ring mail of Wisdom {Rampage rC+ Will- Str+9}
rPois   .            (helmet restricted)
rElec   .            r - +0 cloak
rCorr   .            (no gloves)
SInv    .            (no boots)
Will    .....        (no amulet)
Stlth   +            (no ring)
HPRegen 0.28/turn    (no ring)
MPRegen 0.14/turn

%: rampage
@: mighty
A: horns 1, molten scales 1, ignite blood 1, dopey 1, teleportitis 1
a: Renounce Religion


You were on level 6 of the Dungeon.
You worshipped Vehumet.
Vehumet was aware of your devotion.
You visited 2 branches of the dungeon, and saw 8 of its levels.
You also visited: Ossuary.

You collected 711 gold pieces.
You spent 12 gold pieces at shops.

Inventory:

Armour
 n - the +1 ring mail of Wisdom (worn) {Rampage rC+ Will- Str+9}
   (You found it on level 2 of the Dungeon)

   Str:       It affects your strength (+9).
   rC:        It protects you from cold.
   Rampage:   It bestows one free step when moving towards enemies.
   Will:      It decreases your willpower.
 r - a +0 cloak (worn)
 y - a +0 buckler (worn)
 B - a +2 robe of fire resistance
Magical Staves
 e - a staff of earth (weapon)
 s - a staff of poison
Jewellery
 g - an amulet of the acrobat
 p - a ring of willpower
 t - a ring of ice
 x - an amulet of faith
Scrolls
 a - a scroll of fog {unknown}
 c - 2 scrolls of poison
 d - a scroll of enchant armour {unknown}
 h - a scroll of amnesia {unknown}
 j - a scroll of teleportation {unknown}
 l - a scroll of vulnerability {unknown}
 m - a scroll of identify
 q - a scroll of fear {unknown}
 u - a scroll of torment {unknown}
 v - a scroll of immolation {unknown}
 w - a scroll of blinking {unknown}
 z - a scroll of silence {unknown}
Potions
 b - 2 potions of brilliance
 f - 2 potions of degeneration
 i - a potion of lignification


   Skills:
 - Level 3.0 Armour
 + Level 4.5 Dodging
 - Level 1.7 Stealth
 + Level 4.7 Spellcasting
 + Level 6.7 Conjurations
 + Level 3.1 Fire Magic
 * Level 1.8 Ice Magic
 - Level 3.2 Evocations


You had 9 spell levels left.
You knew the following spells:

 Your Spells              Type           Power      Damage    Failure   Level
a - Magic Dart            Conj           100%       1d8       1%          1
b - Searing Ray           Conj           60%        2d6       2%          2
c - Foxfire               Conj/Fire      92%        2x1d8     4%          1
d - Hailstorm             Conj/Ice       20%        3d6       16%         3

Your spell library contained the following spells:

 Spells                   Type           Power      Damage    Failure   Level
 Dazzling Flash           Conj/Hex       34%        N/A       22%         3
 Sting                    Tmut/Pois      16%        1d3       30%         1
 Poisonous Vapours        Pois/Air       8%         N/A       41%         2
 Inner Flame              Hex/Fire       10%        N/A       43%         3
 Fulminant Prism          Conj/Hex       8%         3d6       58%         4
 Iskenderun's Mystic Bla  Conj/Tloc      17%        2d5       58%         4
 Vhi's Electric Charge    Tloc/Air       8%         N/A       65%         3
 Ice Form                 Ice/Tmut       7%         N/A       91%         4
 Arcjolt                  Conj/Air       8%         1d18      91%         5
 Olgreb's Toxic Radiance  Pois           4%         N/A       96%         4
 Yara's Violent Unravell  Hex/Tmut       2%         3d3       100%        5
 Simulacrum               Ice/Necr       3%         N/A       100%        6
 Enfeeble                 Hex            2%         N/A       100%        7
 Maxwell's Capacitive Co  Air            2%         ∞         100%        8


Dungeon Overview and Level Annotations

Branches:
Dungeon (7/15)             Temple (1/1) D:5         Ossuary (visited)

Altars:
Cheibriados
Gozag
Nemelex Xobeh
Okawaru
Sif Muna
Vehumet
Yredelemnul

Shops:
D:1 !   D:7 *

Annotations:
D:6 Arex's ghost, novice DrAr


Innate Abilities, Weirdness & Mutations

You have a pair of small horns on your head.
You are partially covered in molten scales. (AC +2)
Your demonic aura sometimes causes spilled blood to erupt in flames.
You are dopey. (Int -2)
You are occasionally teleported next to monsters.


Message History

Aim: Arex's ghost, wielding a weapon of electrocution (heavily damaged, 55% to hit)
The searing ray hits Arex's ghost but does no damage.
Arex's ghost is heavily damaged.
The searing ray misses the ice beast. (Press . to maintain the ray.) Arex's ghost closely misses you.
The searing ray hits Arex's ghost!
Arex's ghost is severely damaged.
The searing ray misses the ice beast.
Arex's ghost hits you but does no damage.
Without enough magic to sustain it, your searing ray dissipates.
Arex's ghost hits you but does no damage.
You are electrocuted!
* * * LOW HITPOINT WARNING * * *
Arex's ghost hits you but does no damage.
Arex's ghost attacks as you move away! You block Arex's ghost's attack.
Your magical contamination has completely faded away.
Arex's ghost attacks as you move away! Arex's ghost closely misses you.
Arex's ghost attacks as you move away! Arex's ghost hits you.
* * * LOW HITPOINT WARNING * * *
You feel very mighty all of a sudden. Arex's ghost hits you.
* * * LOW HITPOINT WARNING * * *
You hit Arex's ghost but do no damage. Your headbutt misses Arex's ghost.
Arex's ghost is severely damaged.
Arex's ghost hits you but does no damage.
You miss Arex's ghost.
Arex's ghost is severely damaged.
Arex's ghost hits you but does no damage.
You miss Arex's ghost.
Arex's ghost is severely damaged.
Arex's ghost hits you but does no damage.
You barely miss Arex's ghost. Your headbutt misses Arex's ghost.
Arex's ghost is severely damaged.
Arex's ghost hits you but does no damage.
Arex's ghost barely misses you.
You miss Arex's ghost.
Arex's ghost is severely damaged.
Arex's ghost hits you.
You die...

#8.$8.$8#.... #..### #∩.$_$$.#
#....# ##....$## ##.#.##
###'''####### ##....#
####...........#########>.....
.......†.................#####
#######.######...........#
...###.##########.......#
#........YW@...........#
################.......#
#.......# #.......# #########


You could see an ice beast and Arex's ghost.

Vanquished Creatures
  A black bear (D:6)
  2 ice beasts
  A sky beast (D:6)
  An elf zombie (Ossuary)
  A bullfrog (D:6)
  2 scorpions
  A human zombie (Ossuary)
  3 orc priests
  A centaur zombie (Ossuary)
  2 hounds
  2 jellies
  2 gnoll boudas (Temple)
  2 sleepcaps
  2 iguanas
  8 orc wizards
  2 mummies (Ossuary)
  16 gnolls
  7 adders
  A white imp (D:6)
  2 worms
  A dart slug (D:1)
  20 orcs
  2 ball pythons
  9 bats
  5 endoplasms
  6 giant cockroaches
  A gnoll zombie (Ossuary)
  4 goblins
  7 hobgoblins
  3 jackals (D:4)
  4 frilled lizards
  3 goblin zombies (Ossuary)
  2 hobgoblin zombies (Ossuary)
  3 kobolds
  5 orc zombies (Ossuary)
  2 rats
136 creatures vanquished.

Vanquished Creatures (others)
  19 foxfires
19 creatures vanquished.

Grand Total: 155 creatures vanquished

Notes
Turn   | Place    | Note
-------+----------+-------------------------------------------
     0 | D:1      | jagang the Demonspawn Conjurer began the quest for the Orb.
     0 | D:1      | Reached XP level 1. HP: 13/13 MP: 3/3
   369 | D:1      | Gained mutation: Your demonic aura sometimes causes spilled
                  | blood to erupt in flames. [demonic ancestry]
   369 | D:1      | Reached XP level 2. HP: 14/19 MP: 0/5
   427 | D:1      | Found Pamaiki's Distillery.
   450 | D:1      | Bought a potion of degeneration for 12 gold pieces
   773 | D:2      | Reached skill level 1 in Armour
   773 | D:2      | Reached XP level 3. HP: 8/24 MP: 0/6
  1296 | D:2      | Identified the +1 ring mail of Wisdom {Rampage rC+ Will-
                  | Str+9}
  1339 | D:2      | Learned a level 2 spell: Searing Ray
  1514 | D:3      | Reached skill level 1 in Evocations
  2074 | D:3      | Gained mutation: You are partially covered in molten
                  | scales. (AC +2) [demonic ancestry]
  2074 | D:3      | Reached XP level 4. HP: 11/30 MP: 0/7
  2610 | D:3      | Found a faded altar of an unknown god.
  2686 | D:3      | Reached XP level 5. HP: 25/33 MP: 0/8
  3189 | D:4      | Reached XP level 6. HP: 41/41 MP: 4/10
  3420 | D:4      | HP: 1/41 [something (2)]
  3858 | D:4      | Reached skill level 5 in Conjurations
  4310 | D:4      | Noticed an ice beast
  4323 | D:4      | Killed an ice beast
  4324 | D:4      | Gained mutation: You have a pair of small horns on your
                  | head. [demonic ancestry]
  4324 | D:4      | Reached XP level 7. HP: 40/46 MP: 0/12
  4485 | D:4      | Gained mutation: You are dopey. (Int -2) [potion of
                  | mutation]
  4486 | D:4      | Lost mutation: You are dopey. (Int -2) [potion of mutation]
  4486 | D:4      | Gained mutation: You are occasionally teleported next to
                  | monsters. [potion of mutation]
  4486 | D:4      | Gained mutation: You are dopey. (Int -2) [potion of
                  | mutation]
  4600 | D:5      | Entered Level 5 of the Dungeon
  4620 | D:5      | Found a staircase to the Ecumenical Temple.
  4630 | Temple   | Entered the Ecumenical Temple
  4659 | Temple   | Became a worshipper of Vehumet
  5171 | D:5      | Reached skill level 6 in Conjurations
  5196 | D:5      | Found a sand-covered staircase.
  5201 | Ossuary  | Entered an ossuary
  5416 | Ossuary  | Reached * piety under Vehumet
  5416 | Ossuary  | Offered knowledge of Foxfire by Vehumet.
  5511 | Ossuary  | Learned a level 1 spell: Foxfire
  5649 | Ossuary  | Reached skill level 1 in Fire Magic
  6392 | D:6      | Reached XP level 8. HP: 52/52 MP: 7/14
  6602 | D:7      | Found Arhypha's Assorted Antiques.
  6873 | D:6      | Learned a level 3 spell: Hailstorm
  6924 | D:6      | Reached skill level 1 in Ice Magic
  7249 | D:6      | Found a runed translucent gate.
  7250 | D:6      | Found a runed translucent gate.
  7250 | D:6      | Found an opulent altar of Gozag.
  7251 | D:6      | Found a runed translucent gate.
  7253 | D:6      | Noticed Arex's ghost (novice DrAr)
  7288 | D:6      | HP: 1/52 [Arex's ghost (3)]
  7293 | D:6      | Slain by Arex's ghost

Illustrated notes

Levels and vault maps discovered:
D:1:      wander_arrival_abandoned_jail, layout_rooms, serial_shops,
          nicolae_shop_stone
D:2:      layout_loops_ring, minmay_gold_behind_fungi
D:3:      layout_basic, hellmonk_ecumenical_altar_arch_garden
D:4:      minmay_angry_zag, layout_basic, minmay_a_box_with_orc_wizards_in_it
D:5:      layout_cave_pools, minmay_temple_entry_stoned_glass, enter_ossuary_2,
          serial_column_ruins, column_ruins_square_small,
          column_ruins_corridor_straight, column_ruins_open_small,
          column_ruins_open_medium, column_ruins_columns_dead_end,
          column_ruins_grid_1, column_ruins_columns_dead_end,
          column_ruins_columns_straight, patterned_corridor
D:6:      layout_rooms, ebering_ghost_gozag, guppyfry_shop_venom
D:7:      layout_layer_cave, serial_shops, shop
Temple:   hc_temple_tempest_star

Skill      XL: |  1  2  3  4  5  6  7  8 |
---------------+-------------------------+-----
Dodging        | 2 3 4 |  4.5
Armour         | 1 2 3 |  3.0
Evocations     | 1 2 3 |  3.2
Spellcasting   | 3 4 |  4.7
Conjurations   | 5 6 |  6.7
Fire Magic     | 1 3 |  3.1
Ice Magic      | 1 |  1.8
Stealth        | |  1.7

Action                     |  1- 3 |  4- 6 |  7- 9 || total
---------------------------+-------+-------+-------++-------
  Melee: Short sword       |     5 |       |       ||     5
         Staff             |    41 |    58 |    42 ||   141
         Punch             |     1 |       |       ||     1
         Headbutt          |       |       |    12 ||    12
   Cast: Magic Dart        |    65 |    73 |   101 ||   239
         Searing Ray       |     4 |    28 |    26 ||    58
         Foxfire           |       |       |    16 ||    16
    Use: Potion            |       |     3 |    10 ||    13
         Scroll            |       |       |     3 ||     3
 Armour: Robe              |     1 |       |       ||     1
         Leather armour    |    12 |       |       ||    12
         Ring mail         |     8 |    63 |    52 ||   123
         Skin              |       |    14 |       ||    14
  Dodge: Dodged            |    32 |    42 |    66 ||   140
  Block: Buckler           |       |       |    12 ||    12
